cohdb
Replays
Latest Replays
All Replays
Popular Replays
Top Player Replays
Match Explorer
How It Works
Community
CoH3 Stats
Reddit
Sign in to upload your games and track your stats! →
Sign in with Steam
Match 42876223
Unlisted
Match 42876223
Overview
Messages
Build Orders
End
Construct Barracks
Riflemen Squad
Riflemen Squad
Riflemen Squad
Construct Medical Station
Selects Airborne Battlegroup
Infantry Support Center
Selects Heavy Machine Gun Paradrop
Heavy Machine Gun Paradrop
Selects Recon Loiter
Recon Loiter
Construct Motor Pool
Selects Paratrooper Squad Paradrop
Construct Motor Pool
Recon Loiter
M8 Greyhound Armored Car
Engineer Squad
Selects Anti-tank Gun Team Paradrop
Anti-tank Gun Team Paradrop
Recon Loiter
M1918 Browning Automatic Rifles
Recon Loiter
Construct Tank Depot
Recon Loiter
Grenade Package
Paratrooper Squad Paradrop
Recon Loiter
M4A1 Sherman Medium Tank
Recon Loiter
M18 Hellcat Tank Destroyer
Captain Retinue
Recon Loiter
Survival Training
Recon Loiter
M18 Hellcat Tank Destroyer
Selects Supply Drop
Selects Dual P-47 Rocket Strike
SirRightClicksAlot
SirAMovesALot
Ra11
aSIINiedi
0
0
Comments
sign in to comment!
No comments posted yet!